 Dungeon Crawl Stone Soup version 0.26.1-10-gdfb7c7de75 (webtiles) character file.

Game seed: 9164179306752431564

73 Revguard the Firebug (level 4, -3/41 HPs)
             Began as an Ogre Fire Elementalist on Apr 11, 2021.
             Slain by a scorpion (6 damage)
             ... on level 2 of the Dungeon.
             The game lasted 00:04:48 (2150 turns).

Revguard the Firebug (Ogre Fire Elementalist)       Turns: 2150, Time: 00:04:49

Health: -3/41      AC:  5    Str: 12    XL:     4   Next: 27%
Magic:  3/8        EV: 10    Int: 17    God:
Gold:   108        SH:  0    Dex:  9    Spells: 2/9 levels left

rFire    . . .     SeeInvis .   f - +0 club
rCold    . . .     Faith    .   (no shield)
rNeg     . . .     Spirit   .   a - +1 robe
rPois    .         Reflect  .   (helmet restricted)
rElec    .         Harm     .   h - +0 cloak
rCorr    .         Rampage  .   (gloves unavailable)
Will     +....                  (boots unavailable)
Stlth    +.........             (no amulet)
HPRegen  0.13/turn              (no ring)
MPRegen  0.11/turn              (no ring)

@: mighty, lethally poisoned (-3 -> -13)
A: large, unfitting armour, strong-willed 1, tough skin 1, wild magic 1
a: no special abilities


You were on level 2 of the Dungeon.
You visited 1 branch of the dungeon, and saw 2 of its levels.

You collected 108 gold pieces.

Inventory:

Hand Weapons
 f - a +0 club (weapon)
Armour
 a - a +1 robe (worn)
 h - a +0 cloak (worn)
Scrolls
 b - a scroll of remove curse
Potions
 c - a potion of brilliance


   Skills:
 * Level 1.3 Fighting
 * Level 1.0 Armour
 + Level 1.9 Dodging
 - Level 1.4 Stealth
 + Level 3.0 Spellcasting
 * Level 1.5 Conjurations
 * Level 0.6 Hexes
 + Level 3.1 Fire Magic


You had 2 spell levels left.
You knew the following spells:

 Your Spells              Type           Power        Failure   Level
a - Foxfire               Conj/Fire      52%          11%         1
b - Inner Flame           Hex/Fire       11%          32%         3
c - Conjure Flame         Conj/Fire      13%          28%         3

Your spell library contained the following spells:

 Spells                   Type           Power        Failure   Level
 Sticky Flame             Conj/Fire      13%          63%         4
 Fireball                 Conj/Fire      6%           92%         5


Dungeon Overview and Level Annotations

Branches:
Dungeon (2/15)

Altars:
Nemelex Xobeh
The Shining One


Innate Abilities, Weirdness & Mutations

You are too large for most types of armour.
You have tough skin. (AC +1)
You are strong-willed. (Will+)
Your spells are a little harder to cast, but a little more powerful.


Message History

The scorpion poisons you!
You are too injured to fight recklessly!
Okay, then.
You feel very mighty all of a sudden.
You feel sick. The kobold hits you. The scorpion stings you!
* * * LOW HITPOINT WARNING * * *
You barely miss the scorpion.
The scorpion is severely wounded.
* * * LOW HITPOINT WARNING * * *
You feel sick. The kobold barely misses you.
The scorpion stings you but does no damage.
The kobold barely misses you.
Okay, then.
You closely miss the scorpion.
The scorpion is severely wounded.
* * * LOW HITPOINT WARNING * * *
You feel sick. The scorpion stings you.
* * * LOW HITPOINT WARNING * * *
The kobold hits you but does no damage. The scorpion stings you.
You die...

... ##.### ###.#. #.#
#### .....#. #.#. #.#
#...# #.# #.###.#.
####.# #..#..# #
#.###....... =....#
#..# ..#. #......##>#.
####÷##..##. ..##
#..##.###.#. #
#.#..##...##..# #..##.#
#.#. # #...##..?...K.#
#..##.# #.#. # ###..##
##s@# #..##.# #.#. #
##..## ##..######..##.#
#.#. #
#.#..###†.#.#......##.#
#... #
##†#.(#.†#.##.####.##.#
###. ## #.#.#...#.#.#.#
#.##.# #. .#
#############.####.# #.
.# .............# ##
.######. #####(#.######
....†... #...#


You could see a scorpion and a kobold.

Vanquished Creatures
  3 adders (D:2)
  A shadow imp (D:2)
  A worm (D:2)
  A dart slug (D:2)
  3 goblins
  4 hobgoblins
  2 jackals (D:1)
  A quokka (D:2)
  11 bats
  3 frilled lizards
  3 kobolds
  6 rats
39 creatures vanquished.

Vanquished Creatures (others)
  96 foxfires
96 creatures vanquished.

Grand Total: 135 creatures vanquished

Notes
Turn   | Place    | Note
-------+----------+-------------------------------------------
     0 | D:1      | Revguard the Ogre Fire Elementalist began the quest for the
                  | Orb.
     0 | D:1      | Reached XP level 1. HP: 16/16 MP: 3/3
    72 | D:1      | Reached skill level 1 in Conjurations
    96 | D:1      | Reached XP level 2. HP: 8/24 MP: 0/5
  1144 | D:2      | Reached skill level 1 in Armour
  1144 | D:2      | Reached XP level 3. HP: 32/32 MP: 3/6
  1148 | D:2      | Learned a level 3 spell: Inner Flame
  1152 | D:2      | Learned a level 3 spell: Conjure Flame
  1176 | D:2      | Found a sparkling altar of Nemelex Xobeh.
  1390 | D:2      | Found a faded altar of an unknown god.
  1555 | D:2      | Found a glowing golden altar of the Shining One.
  1692 | D:2      | Reached skill level 1 in Fighting
  1694 | D:2      | Reached XP level 4. HP: 13/41 MP: 8/8
  1705 | D:2      | Gained mutation: You are strong-willed. (Will+) [potion of
                  | mutation]
  1705 | D:2      | Gained mutation: Your spells are a little harder to cast,
                  | but a little more powerful. [potion of mutation]
  2150 | D:2      | Slain by a scorpion

Illustrated notes

Levels and vault maps discovered:
D:1:      amcnicky_arrival_flooded_fountain, layout_basic
D:2:      minmay_diamond_boxcup, layout_loops_ring, marbit_many_paths,
          nemelex_xobeh_ov_fountains_minmay, chequers_ecumenical_altar_lobes

Skill      XL: |  1  2  3 |
---------------+----------+-----
Conjurations   | 1 |  1.5
Fire Magic     | 3 |  3.1
Armour         | 1 |  1.0
Fighting       | 1 |  1.3
Spellcasting   | 3 |  3.0
Dodging        | |  1.9
Stealth        | |  1.4
Hexes          | |  0.6

Action                   |  1- 3 |  4- 6 || total
-------------------------+-------+-------++-------
Melee: Unarmed           |    16 |       ||    16
       Club              |    22 |    16 ||    38
 Cast: Foxfire           |    51 |    11 ||    62
  Use: Potion            |     4 |     3 ||     7
       Scroll            |     2 |     1 ||     3
 Stab: Sleeping          |       |     1 ||     1
Armor: Robe              |    18 |     6 ||    24
Dodge: Dodged            |    35 |     7 ||    42
